 Dungeon Crawl Stone Soup version 0.31-a0-750-gfe7b580527 (webtiles) character file.

Game seed: 10570671401765306446

112 croobank the Ruffian (level 4, -3/30 HPs)
             Began as an Octopode Shapeshifter on Sept 15, 2023.
             Killed by nerve-wracking pain
             ... invoked by an orc priest
              (13 damage)
             ... on level 4 of the Dungeon.
             The game lasted 00:07:29 (2530 turns).

croobank the Ruffian (Octopode Shapeshifter)        Turns: 2530, Time: 00:07:29

Health: -3/30      AC:  1    Str: 13    XL:     4   Next: 95%
Magic:  4/4        EV: 18    Int: 20    God:
Gold:   99         SH:  0    Dex: 11    Spells: 3/3 levels left

rFire   . .          .
                       - Unarmed
rCold   . . .        (no shield)
rNeg    . . .        (helmet currently unavailable)
rPois   +            (no amulet)
rElec   .            h - +6 ring of intelligence
rCorr   .            o - ring of see invisible
SInv    +            t - +5 ring of evasion
Will    .....        u - ring of poison resistance
Stlth   ++           (no ring)
HPRegen 0.25/turn    (no ring)
MPRegen 0.09/turn    (no ring)
                     (no ring)

%: no passive effects
@: beast-form
A: beast (slay +2), almost no armour, amphibious, 8 rings, camouflage 1,
gelatinous body 1, (nimble swimmer 1), tentacles
a: Begin Untransformation


You were on level 4 of the Dungeon.
You were a hulking beast.
You visited 1 branch of the dungeon, and saw 4 of its levels.

You collected 172 gold pieces.
You spent 73 gold pieces at shops.

Inventory:

Hand Weapons
 f - a +0 dagger
Missiles
 e - a silver javelin (quivered)
 m - 5 boomerangs
Magical Staves
 p - a staff of conjuration
Jewellery
 h - a +6 ring of intelligence (left tentacle)
 o - a ring of see invisible (right tentacle)
 t - a +5 ring of evasion (on tentacle)
 u - a ring of poison resistance (on tentacle)
Talismans
 b - a beast talisman (active)
 c - a flux talisman
Scrolls
 d - a scroll of teleportation {unknown}
 i - 2 scrolls of immolation {unknown}
 j - a scroll of fog {unknown}
 k - a scroll of blinking {unknown}
 l - a scroll of brand weapon {unknown}
 n - a scroll of identify
 r - a scroll of vulnerability {unknown}
Potions
 a - a potion of lignification
 g - a potion of invisibility
 q - a potion of berserk rage
 s - a potion of curing


   Skills:
 + Level 2.3 Fighting
 + Level 3.0 Dodging
 + Level 3.7 Unarmed Combat
 + Level 3.6 Shapeshifting


You had 3 spell levels left.
You didn't know any spells.
Your spell library contained the following spells:

 Spells                   Type           Power      Damage    Failure   Level
 Static Discharge         Conj/Air       0%         2-2/arc   28%         2
 Airstrike                Air            0%         2d(0-16)  88%         4
 Summon Lightning Spire   Summ/Air       0%         N/A       88%         4


Dungeon Overview and Level Annotations

Branches:
Dungeon (4/15)
 Temple: D:4-7

Altars:
Cheibriados

Shops:
D:3 **   D:4 [

Annotations:
D:3 1 runed translucent door, Crazy Yiuf


Innate Abilities, Weirdness & Mutations

You are a hulking beast.
Your limbs bulge with bestial killing power. (Slay +2)
You cannot wear most types of armour.
You are amphibious.
You can wear up to eight rings at the same time.
Your skin changes colour to match your surroundings (Stealth+).
Your rubbery body absorbs attacks. (AC +1, EV +1)
((You are camouflaged when in or above water. (Stealth+)))
You have tentacles for arms and can constrict up to eight enemies at once.


Message History

Press: ? - help, Q - select action, (/) - cycle Shift-Dir - straight line, f - orc priest, p - orc wizard
Aim: an orc priest, wielding a +0 whip (moderately wounded, 56% to hit)
You throw a silver javelin.
The silver javelin closely misses the orc priest.
The orc shouts!
The orc priest calls down the wrath of Beogh upon you.
Pain shoots through your body!
The orc priest invokes the aid of Beogh against you.
Beogh smites you!
The orc wizard gestures at you while chanting.
The magic dart hits you!
There is a stone staircase leading up here.
You climb upwards.
Level annotation: 1 runed translucent door, Crazy Yiuf
There is a stone staircase leading down here.
You start resting.
HP restored.
You climb downwards.
You hear the sound of rushing water.
There is an entrance to a sewer on this level.
Hurry and find it before the portal rusts away!
You hear the slow rusting of a drain nearby.
The orc priest calls down the wrath of Beogh upon you.
Beogh smites you!
There is a stone staircase leading up here.
The orc hits you with a +0 hand axe!
The orc priest begins to cast a cantrip, but forgets the words!
You closely miss the orc priest. You grab the orc priest.
You constrict the orc priest. The orc hits you with a +0 hand axe.
The goblin closely misses you.
The orc priest hits you but does no damage.
A worm comes into view.
The orc wizard casts a spell.
The orc wizard flickers and vanishes for a moment.
You tentacle-slap the orc priest.
The orc priest is moderately wounded.
You constrict the orc priest. The orc completely misses you.
The goblin closely misses you.
The orc priest mumbles some strange prayers to Beogh against you.
Pain shoots through your body!
You die...

..# ..+ ...#
...+ ....#
###....#.
...#####<.......
.w.!...gh.......
......)oo.......
................
................
###.............
#.............
#....o......?.
+........(....


You could see a worm, an orc priest, an orc wizard (invisible), an orc and a
goblin.

Vanquished Creatures
  A lemure (D:3)
  Robin (D:2)
  2 adders
  2 worms (D:2)
  4 dart slugs
  3 ball pythons
  5 bats
  5 endoplasms
  2 giant cockroaches (D:1)
  8 hobgoblins
  3 quokkas
  A frilled lizard (D:1)
  16 goblins
  7 kobolds
  6 rats
66 creatures vanquished.

Notes
Turn   | Place    | Note
-------+----------+-------------------------------------------
     0 | D:1      | croobank the Octopode Shapeshifter began the quest for the
                  | Orb.
     0 | D:1      | Reached XP level 1. HP: 13/13 MP: 1/1
   180 | D:1      | Reached XP level 2. HP: 7/18 MP: 2/2
   385 | D:1      | Reached XP level 3. HP: 15/23 MP: 3/3
   906 | D:2      | Reached XP level 4. HP: 12/29 MP: 4/4
  1375 | D:3      | Noticed Robin
  1391 | D:2      | Killed Robin
  1904 | D:3      | Found Gabbaalu's General Store.
  1915 | D:3      | Bought a potion of curing for 33 gold pieces
  1982 | D:3      | Found a snail-covered altar of Cheibriados.
  2023 | D:3      | Found Caduhi Acsuo's General Store.
  2030 | D:3      | Bought a scroll of identify for 20 gold pieces
  2030 | D:3      | Bought a scroll of identify for 20 gold pieces
  2368 | D:3      | Found a runed translucent door.
  2369 | D:3      | Noticed Crazy Yiuf
  2389 | D:4      | Found Iruozasm's Armour Shoppe.
  2391 | D:4      | Noticed a lemure
  2399 | D:4      | Noticed a scorpion
  2400 | D:4      | Noticed a lemure
  2408 | D:3      | Killed a lemure
  2530 | D:4      | Killed from afar by an orc priest

Illustrated notes

Levels and vault maps discovered:
D:1:      dpeg_arrival_chambers_temple_mockup, layout_rooms,
          serial_bayou_pond_a, minmay_tetromino_o2
D:2:      layout_basic
D:3:      layout_basic, kennysheep_slug_shrine, serial_shops,
          nicolae_diamond_shop, nicolae_shop_hallway_stairs,
          uniq_crazy_yiuf_cottage, uniq_robin
D:4:      layout_basic, portal_sewer_entry_f, serial_shops,
          nicolae_shop_tiny_statue_garden, nicolae_shop_unique_rings,
          nicolae_nh_oracle_at_delphi, uniq_pikel, uniq_eustachio

Skill      XL: |  1  2  3  4 |
---------------+-------------+-----
Fighting       | 2 |  2.3
Dodging        | 3 |  3.0
Unarmed Combat | |  3.7
Shapeshifting  | |  3.6

Action                     |  1- 3 |  4- 6 || total
---------------------------+-------+-------++-------
  Melee: Unarmed           |    78 |    72 ||   150
         Tentacles         |    14 |    18 ||    32
         Constrict         |    17 |    14 ||    31
         Punch             |     2 |     1 ||     3
  Throw: Javelin           |       |     6 ||     6
    Use: Scroll            |       |     2 ||     2
   Stab: Sleeping          |     9 |     5 ||    14
 Armour: Skin              |    32 |    23 ||    55
  Dodge: Dodged            |    58 |    26 ||    84

Table legend: (Time is in decaauts)
 A = Elapsed time spent in this place.
 B = Non-inter-level travel time spent in this place.
 C = Inter-level travel time spent in this place.
 D = Time resting spent in this place.
 E = Time spent auto-exploring this place.
 F = Levels seen in this place.
 G = Mean time per level.
                   A        B        C        D        E       F      G
               +--------+--------+--------+--------+--------+-----+--------+
         Total |   2521 |   2369 |    152 |    274 |   1533 |   4 |  630.2 |
       Dungeon |   2521 |   2369 |    152 |    274 |   1533 |   4 |  630.2 |
               +--------+--------+--------+--------+--------+-----+--------+

Top non-repeatable levels by time:
     D:3: 1076 daAuts
     D:2: 833 daAuts
     D:1: 585 daAuts
     D:4: 26 daAuts
